 Dungeon Crawl Stone Soup version 0.29-a0-816-g82769f0e0c (webtiles) character file.

Game seed: 2286666804892654925

1823 AsandaNima the Covert (level 8, 0/42 HPs)
             Began as a Spriggan Brigand on July 5, 2022.
             Killed by divine providence
             ... invoked by an orc priest
              (15 damage)
             ... on level 7 of the Dungeon.
             The game lasted 00:29:25 (6944 turns).

AsandaNima the Covert (Spriggan Brigand)            Turns: 6944, Time: 00:29:26

Health: 0/42       AC:  3    Str:  9    XL:     8   Next: 85%
Magic:  9/9        EV: 20    Int: 12    God:
Gold:   328        SH:  0    Dex: 17    Spells: 5/7 levels left

rFire   . . .      SeeInvis +   p - +8 long sword "Feifelil" {vorpal, rPois rN+ rCorr Stlth+}
rCold   . . .      Faith    .   (no shield)
rNeg    + . .      Spirit   .   b - +0 robe
rPois   +          Reflect  .   (helmet restricted)
rElec   .          Harm     .   c - +0 cloak
rCorr   +          Rampage  .   (gloves unavailable)
Will    +....                   (boots unavailable)
Stlth   +++++.....              (no amulet)
HPRegen 0.14/turn               (no ring)
MPRegen 0.11/turn               (no ring)

@: very quick
A: very small, no large weapons, unfitting armour, see invisible, speed 3
a: no special abilities


You were on level 7 of the Dungeon.
You visited 1 branch of the dungeon, and saw 7 of its levels.

You collected 328 gold pieces.

Inventory:

Hand Weapons
 a - a +2 dagger
 i - a +2 whip of electrocution
 l - a +2 dagger of draining
 p - the +8 long sword "Feifelil" (weapon) {vorpal, rPois rN+ rCorr Stlth+}
   (You found it on level 4 of the Dungeon)

   It inflicts extra damage upon your enemies.
   rPois:     It protects you from poison.
   rN:        It protects you from negative energy.
   rCorr:     It protects you from acid and corrosion.
   Stlth:     It makes you more stealthy.
Missiles
 e - a curare-tipped dart
 m - 3 throwing nets
 u - 12 poisoned darts (quivered)
Armour
 b - a +0 robe (worn)
 c - a +0 cloak (worn)
Wands
 r - a wand of flame (27)
 y - a wand of digging (6)
Scrolls
 d - 2 scrolls of immolation
 f - a scroll of teleportation
 o - 3 scrolls of enchant weapon
 s - a scroll of silence
 w - a scroll of amnesia
 z - a scroll of poison
 A - a scroll of torment {unknown}
 B - a scroll of blinking {unknown}
Potions
 g - 2 potions of lignification
 h - 2 potions of heal wounds
 j - 3 potions of curing
 k - 2 potions of might {unknown}
 n - a potion of degeneration {unknown}
 q - a potion of flight {unknown}
 t - a potion of mutation {unknown}
 v - 3 potions of haste {unknown}
 x - a potion of resistance {unknown}
 C - a potion of magic {unknown}
 D - a potion of invisibility {unknown}


   Skills:
 + Level 4.2 Fighting
 - Level 3.5(5.3) Short Blades
 * Level 4.6(5.0) Long Blades
 + Level 4.9 Throwing
 + Level 6.4 Dodging
 + Level 9.5 Stealth
 + Level 0.0 Spellcasting
 + Level 0.0 Translocations


You had 5 spell levels left.
You knew the following spells:

 Your Spells              Type           Power      Damage    Failure   Level
a - Blink                 Tloc           0%         N/A       43%         2

Your spell library contained the following spells:

 Spells                   Type           Power      Damage    Failure   Level
 Foxfire                  Conj/Fire      0%         2x1d4     32%         1
 Summon Small Mammal      Summ           0%         N/A       32%         1
 Call Canine Familiar     Summ           0%         N/A       69%         3
 Conjure Flame            Conj/Fire      0%         6-21      69%         3
 Inner Flame              Hex/Fire       0%         N/A       69%         3
 Stone Arrow              Conj/Erth      0%         3d7       69%         3
 Summon Guardian Golem    Hex/Summ       0%         N/A       69%         3
 Animate Armour           Summ/Erth      0%         N/A       97%         4
 Flame Wave               Conj/Fire      0%         2d4       97%         4
 Blade Hands              Tmut           0%         N/A       100%        5
 Manifold Assault         Tloc           0%         N/A       100%        5
 Iron Shot                Conj/Erth      0%         9d1       100%        6
 Storm Form               Tmut/Air       0%         N/A       100%        7
 Lehudib's Crystal Spear  Conj/Erth      0%         10d2      100%        8


Dungeon Overview and Level Annotations

Branches:
Dungeon (7/15)
 Temple: D:4-7

Altars:
Ashenzari
Hepliaklqana

Shops:
D:6 :


Innate Abilities, Weirdness & Mutations

You are very small and have problems with some larger weapons.
You are too small for most types of armour.
You have supernaturally acute eyesight. (SInv)
You cover ground extremely quickly. (Speed+++)


Message History

You climb upwards.
There is a stone staircase leading down here.
You see here a +0 ring mail.
There is an open door here.
There is an escape hatch in the floor here.
Things that are here:
a +0 leather armour; a +0 hand axe
Things that are here:
a +0 long sword; a +0 chain mail
There is a stone staircase leading down here.
You climb downwards.
Found a viscous golden potion.
There is a stone staircase leading up here.
An orc comes into view. It is wielding a +0 trident.
An orc priest comes into view. It is wielding a +0 mace.
Found a robe.
The helpless orc warrior fails to defend itself.
You hit the orc warrior.
The orc warrior is lightly wounded.
The orc warrior hits you with a +0 battleaxe.
You slash the orc warrior!
The orc warrior is severely wounded.
The orc shouts!
The orc priest shouts!
The orc warrior closely misses you.
The orc priest invokes the aid of Beogh against you.
Beogh smites you!
You closely miss the orc warrior.
The orc warrior is severely wounded.
The orc warrior completely misses you.
The orc priest calls upon Beogh to heal the orc warrior.
The orc warrior is healed somewhat.
The orc closely misses you.
You hit the orc warrior but do no damage.
The orc warrior is heavily wounded.
The orc warrior hits you with a +0 battleaxe!
The orc closely misses you.
The orc priest calls upon Beogh to heal the orc warrior.
The orc warrior is healed somewhat.
The orc priest mumbles some strange prayers to Beogh against you.
Beogh smites you!
You die...

#####+# .......
......[ .......
......o##############
#...o...@.......
#..o............
#...............
#..!............
#...............
################


You could see an orc warrior, an orc priest and an orc.

Vanquished Creatures
  A steam dragon (D:6)
  3 water moccasins
  3 ogres
  4 phantoms
  A bullfrog (D:6)
  A necrophage (D:5)
  A scorpion (D:5)
  An electric eel (D:6)
  A howler monkey (D:4)
  2 jellies (D:6)
  3 orc priests (D:4)
  2 iguanas (D:6)
  4 orc wizards (D:4)
  Natasha (thrice) (D:3)
  7 gnolls (D:5)
  3 adders
  A shadow imp (D:6)
  A white imp (D:5)
  3 dart slugs (D:3)
  13 orcs
  4 endoplasms
  2 giant cockroaches (D:3)
  11 goblins
  7 hobgoblins
  5 jackals
  4 quokkas
  7 ball pythons
  4 bats
  5 frilled lizards
  6 kobolds
  7 rats
120 creatures vanquished.

Vanquished Creatures (others)
  2 fungi (D:1)
2 creatures vanquished.

Grand Total: 122 creatures vanquished

Notes
Turn   | Place    | Note
-------+----------+-------------------------------------------
     0 | D:1      | AsandaNima the Spriggan Brigand began the quest for the
                  | Orb.
     0 | D:1      | Reached XP level 1. HP: 10/10 MP: 2/2
    50 | D:1      | Found a faded altar of an unknown god.
    77 | D:1      | Reached skill level 6 in Stealth
   102 | D:1      | Reached XP level 2. HP: 15/15 MP: 3/3
  1241 | D:2      | Reached XP level 3. HP: 18/18 MP: 4/4
  2166 | D:3      | Reached XP level 4. HP: 16/23 MP: 5/5
  2442 | D:3      | Noticed Natasha
  2466 | D:3      | Killed Natasha
  2543 | D:3      | Noticed Natasha
  2552 | D:3      | Killed Natasha
  2865 | D:3      | Noticed Natasha
  2875 | D:3      | Killed Natasha
  2876 | D:3      | Reached XP level 5. HP: 24/27 MP: 6/6
  3099 | D:4      | Reached skill level 7 in Stealth
  3246 | D:4      | Identified the +8 long sword "Feifelil" {vorpal, rPois rN+
                  | rCorr Stlth+}
  3253 | D:4      | Noticed a phantom
  3290 | D:4      | Killed a phantom
  3291 | D:4      | Reached skill level 1 in Long Blades
  3291 | D:4      | Reached XP level 6. HP: 24/32 MP: 7/7
  3870 | D:4      | Found a broken altar of Ashenzari.
  4483 | D:5      | Entered Level 5 of the Dungeon
  4622 | D:5      | Reached XP level 7. HP: 18/36 MP: 8/8
  4670 | D:5      | Reached skill level 8 in Stealth
  4955 | D:5      | Reached skill level 5 in Dodging
  4960 | D:5      | Reached XP level 8. HP: 39/40 MP: 9/9
  6008 | D:6      | Reached skill level 9 in Stealth
  6085 | D:6      | Found Eshrost's Book Boutique.
  6402 | D:6      | Found a hazy altar of Hepliaklqana.
  6739 | D:6      | Learned a level 2 spell: Blink
  6944 | D:7      | Killed from afar by an orc priest

Illustrated notes

Levels and vault maps discovered:
D:1:      scummos_arrival_forest, layout_loops_ring,
          chequers_ecumenical_altar_island, minivault_14, roderic_lattice_a,
          hex_tiny, dreamdust_mushroom_princess
D:2:      layout_basic
D:3:      layout_rooms, wad_rectangle_vault, uniq_natasha
D:4:      layout_cave_pools, nicolae_ashenzari_skybound
D:5:      layout_cave_pools
D:6:      layout_gridville, overflow_temple_1_default,
          nicolae_inconvenience_store
D:7:      layout_gridville, xom_shifter_show, minmay_temple_entry_large_hall,
          minmay_between, uniq_crazy_yiuf_cottage

Skill      XL: |  1  2  3  4  5  6  7  8 |
---------------+-------------------------+-----
Stealth        | 6 7 8 9 |  9.5
Dodging        | 2 3 4 5 6 |  6.4
Fighting       | 2 3 4 |  4.2
Throwing       | 3 4 |  4.9
Short Blades   | 3 |  3.5
Long Blades    | 1 2 3 4 |  4.6

Action                   |  1- 3 |  4- 6 |  7- 9 || total
-------------------------+-------+-------+-------++-------
Melee: Dagger            |    85 |    30 |       ||   115
       Long sword        |       |    41 |    89 ||   130
       Punch             |       |       |     3 ||     3
Throw: Dart              |    73 |    64 |    29 ||   166
       Throwing net      |       |       |     3 ||     3
Evoke: Wand              |       |     1 |       ||     1
  Use: Scroll            |     2 |     2 |     3 ||     7
       Potion            |       |       |     1 ||     1
 Stab: Sleeping          |     6 |     2 |     7 ||    15
       Held in net/web   |       |       |     1 ||     1
Armor: Robe              |    13 |     5 |     9 ||    27
Dodge: Dodged            |    51 |    48 |    63 ||   162

Table legend: (Time is in decaauts)
 A = Elapsed time spent in this place.
 B = Non-inter-level travel time spent in this place.
 C = Inter-level travel time spent in this place.
 D = Time resting spent in this place.
 E = Time spent auto-exploring this place.
 F = Levels seen in this place.
 G = Mean time per level.
                   A        B        C        D        E       F      G
               +--------+--------+--------+--------+--------+-----+--------+
         Total |   5382 |   4990 |    392 |    355 |   3603 |   7 |  768.9 |
       Dungeon |   5382 |   4990 |    392 |    355 |   3603 |   7 |  768.9 |
               +--------+--------+--------+--------+--------+-----+--------+

Top non-repeatable levels by time:
     D:6: 1244 daAuts
     D:4: 1032 daAuts
     D:3: 992 daAuts
     D:1: 863 daAuts
     D:5: 688 daAuts
     D:2: 546 daAuts
     D:7: 15 daAuts
